APP
BOSTON (APP) RED SOX @ PRINCETON RAYS
09/19/2048
 
TOP OF THE 1ST
Boston (APP) Red Sox batting - Pitching for Princeton Rays : LHP Jake Fields
Pitching: LHP Jake Fields
Batting: RHB Joe Booth 0-0: Ball
1-0: Ball
2-0: Called Strike
2-1: Swinging Strike
2-2: Ball
3-2: Base on Balls
Batting: RHB Kirk Cully 0-0: Called Strike
Joe Booth steals 2nd base
0-1: Ball
1-1: 2-RUN HOME RUN (Flyball, 78XD, EV 106.2 MPH), Distance : 412 ft
Batting: LHB Kien-lung Zou 0-0: Ground out 3-1 (Groundball, 34S, EV 92.5 MPH)
Batting: RHB Josh Smith 0-0: Swinging Strike
0-1: Foul Ball, location: 2F
0-2: Ball
1-2: Strikes out looking
Batting: RHB Bakhtiar Asadov 0-0: Ball
1-0: Ball
2-0: Ball
3-0: Base on Balls
Batting: RHB Felix Rangel 0-0: Ball
1-0: Ball
2-0: Called Strike
2-1: Ground out 4-3 (Groundball, 4, EV 94.4 MPH)
Top of the 1st over - 2 runs, 1 hit, 0 errors, 1 left on base; Boston (APP) 2 - Princeton 0
BOTTOM OF THE 1ST
Princeton Rays batting - Pitching for Boston (APP) Red Sox : RHP Seb Lightfoot
Pitching: RHP Seb Lightfoot
Batting: SHB Luis Verduzco 0-0: Ball
1-0: Ball
2-0: Foul Ball, location: 2F
2-1: Foul Ball, location: 2F
2-2: Fly out, F8 (Line Drive, 8LM, EV 103.8 MPH)
Batting: SHB Omar Cervantes 0-0: Ball
1-0: Swinging Strike
1-1: Called Strike
1-2: Foul Ball, location: 2F
1-2: Strikes out swinging
Batting: LHB Oscar Curiel 0-0: Ball
1-0: Ball
2-0: Called Strike
2-1: Foul Ball, location: 2F
2-2: Foul Ball, location: 2F
2-2: Foul Ball, location: 2F
2-2: Ball
3-2: Base on Balls
Batting: RHB Tim Dower 0-0: Ball
1-0: Ball
2-0: Ball
3-0: Called Strike
3-1: TRIPLE (Flyball, 9LD, EV 101.2 MPH)
Oscar Curiel scores
Batting: RHB Wan-ling Zhu 0-0: Ball
1-0: Ball
2-0: Fly out, F7 (Line Drive, 78S, EV 95.0 MPH)
Bottom of the 1st over - 1 run, 1 hit, 0 errors, 1 left on base; Boston (APP) 2 - Princeton 1
TOP OF THE 2ND
Boston (APP) Red Sox batting - Pitching for Princeton Rays : LHP Jake Fields
Batting: SHB Matsudaira Ikeda 0-0: Ball
1-0: Swinging Strike
1-1: Ball
2-1: Ball
3-1: Base on Balls
Batting: RHB Luis Nino 0-0: Ball
Wild Pitch!
Matsudaira Ikeda to second
1-0: Swinging Strike
1-1: Ball
2-1: Foul Ball, location: 2F
2-2: Ground out 2-3 (Groundball, 2L, EV 68.1 MPH)
Matsudaira Ikeda to third
Batting: RHB Estevan Carrillo 0-0: Foul Ball, location: 2F
0-1: Ball
1-1: Foul Ball, location: 2F
1-2: Hit by Pitch
Batting: RHB Joe Booth 0-0: Called Strike
0-1: Ball
1-1: Called Strike
Estevan Carrillo steals 2nd base
1-2: Strikes out swinging
Batting: RHB Kirk Cully 0-0: Called Strike
0-1: Ball
1-1: Foul Ball, location: 2F
1-2: SINGLE (Groundball, 6MS, EV 73.8 MPH) (infield hit)
Matsudaira Ikeda scores
Estevan Carrillo to third
Batting: LHB Kien-lung Zou 0-0: Ball
1-0: Foul Ball, location: 2F
1-1: Foul Ball, location: 2F
1-2: Ground out 5-3 (Groundball, 56S, EV 80.0 MPH)
Top of the 2nd over - 1 run, 1 hit, 0 errors, 2 left on base; Boston (APP) 3 - Princeton 1
BOTTOM OF THE 2ND
Princeton Rays batting - Pitching for Boston (APP) Red Sox : RHP Seb Lightfoot
Batting: RHB Mikey Sano 0-0: Ball
1-0: Ground out U3 (Groundball, 3, EV 103.8 MPH)
Batting: RHB Bogumil Filipowski 0-0: Called Strike
0-1: Ball
1-1: Ball
2-1: Ground out 4-3 (Groundball, 4, EV 86.2 MPH)
Batting: LHB Sean Boenig 0-0: Called Strike
0-1: Fly out, F9 (Flyball, 9LS, EV 90.6 MPH)
Bottom of the 2nd over - 0 runs, 0 hits, 0 errors, 0 left on base; Boston (APP) 3 - Princeton 1
TOP OF THE 3RD
Boston (APP) Red Sox batting - Pitching for Princeton Rays : LHP Jake Fields
Batting: RHB Josh Smith 0-0: Ball
1-0: Ball
2-0: Foul Ball, location: 2F
2-1: Called Strike
2-2: Foul Ball, location: 2F
2-2: Ball
3-2: Base on Balls
Batting: RHB Bakhtiar Asadov 0-0: SINGLE (Line Drive, 9S, EV 100.6 MPH)
Josh Smith to second
Batting: RHB Felix Rangel 0-0: Fly out, F8 (Flyball, 8LS, EV 90.0 MPH)
Batting: SHB Matsudaira Ikeda 0-0: Swinging Strike
0-1: Foul Ball, location: 2F
0-2: Strikes out looking
Batting: RHB Luis Nino 0-0: Ball
1-0: Ball
Wild Pitch!
Josh Smith to third
Bakhtiar Asadov to second
2-0: Foul Ball, location: 2F
2-1: 3-RUN HOME RUN (Flyball, 89XD, EV 108.8 MPH), Distance : 415 ft
Pitching: LHP John Sceviour
Batting: RHB Estevan Carrillo 0-0: Called Strike
0-1: Ball
1-1: Fly out, F8 (Flyball, 8RS, EV 91.9 MPH)
Top of the 3rd over - 3 runs, 2 hits, 0 errors, 0 left on base; Boston (APP) 6 - Princeton 1
BOTTOM OF THE 3RD
Princeton Rays batting - Pitching for Boston (APP) Red Sox : RHP Seb Lightfoot
Batting: RHB Dave Valdez 0-0: Ball
1-0: Called Strike
1-1: Ball
2-1: Fly out, F9 (Line Drive, 9, EV 97.5 MPH)
Batting: SHB Luis Verduzco 0-0: Called Strike
0-1: Ball
1-1: Ball
2-1: SINGLE (Groundball, 4M, EV 93.1 MPH) (infield hit)
Batting: SHB Omar Cervantes 0-0: Foul Ball, location: 2F
0-1: Ball
1-1: Ball
2-1: Fly out, F7 (Flyball, 7LS, EV 92.5 MPH)
Batting: LHB Oscar Curiel 0-0: Ball
Luis Verduzco steals 2nd base
1-0: Swinging Strike
1-1: Ball
2-1: Foul Ball, location: 2F
2-2: Foul Ball, location: 2F
2-2: Foul Ball, location: 2F
2-2: Strikes out swinging
Bottom of the 3rd over - 0 runs, 1 hit, 0 errors, 1 left on base; Boston (APP) 6 - Princeton 1
TOP OF THE 4TH
Boston (APP) Red Sox batting - Pitching for Princeton Rays : LHP John Sceviour
Batting: RHB Joe Booth 0-0: Ball
1-0: Ball
2-0: SINGLE (Groundball, 6MS, EV 71.2 MPH) (infield hit)
Batting: RHB Kirk Cully 0-0: Ball
1-0: Called Strike
Joe Booth steals 2nd, throwing error, E2
Joe Booth to third
1-1: Ball
2-1: Ball
3-1: Ground out 6-3 (Groundball, 56D, EV 81.2 MPH)
Joe Booth scores
Batting: LHB Kien-lung Zou 0-0: Foul Ball, location: 2F
0-1: Ball
1-1: Foul Ball, location: 2F
1-2: DOUBLE (Groundball, 3L, EV 103.1 MPH)
Batting: RHB Josh Smith 0-0: Ball
1-0: Swinging Strike
1-1: Swinging Strike
1-2: Fly out, F8 (Flyball, 78D, EV 103.8 MPH)
Batting: RHB Bakhtiar Asadov 0-0: Ball
1-0: Ball
2-0: Ball
3-0: Base on Balls
Batting: RHB Felix Rangel 0-0: SINGLE (Line Drive, 7S, EV 108.8 MPH)
Kien-lung Zou to third
Bakhtiar Asadov to second
Runner from 3rd tries for Home, SAFE, throw by LF to home
Batting: SHB Matsudaira Ikeda 0-0: SINGLE (Groundball, 6MD, EV 95.6 MPH)
Bakhtiar Asadov to third
Felix Rangel to second
Runner from 3rd tries for Home, throw by CF and OUT! 8-2
Top of the 4th over - 2 runs, 4 hits, 1 error, 2 left on base; Boston (APP) 8 - Princeton 1
BOTTOM OF THE 4TH
Princeton Rays batting - Pitching for Boston (APP) Red Sox : RHP Seb Lightfoot
Batting: RHB Tim Dower 0-0: Foul Ball, location: 2F
0-1: Foul Ball, location: 2F
0-2: Ball
1-2: Ball
2-2: Foul Ball, location: 2F
2-2: Foul Ball, location: 2F
2-2: Reached on error, E5 (Groundball, 56S, EV 82.5 MPH)
Batting: RHB Wan-ling Zhu 0-0: Called Strike
Tim Dower steals 2nd base
0-1: Ball
1-1: Ground out 4-3 (Groundball, 34, EV 83.8 MPH)
Tim Dower to third
Batting: RHB Mikey Sano 0-0: Ground out 6-3 (Groundball, 6M, EV 81.9 MPH)
Tim Dower scores
Batting: RHB Bogumil Filipowski 0-0: SINGLE (Flyball, 56D, EV 91.2 MPH)
Batting: LHB Sean Boenig 0-0: Ball
1-0: Swinging Strike
1-1: Ground out 4-3 (Groundball, 34D, EV 90.6 MPH)
Bottom of the 4th over - 1 run, 1 hit, 1 error, 1 left on base; Boston (APP) 8 - Princeton 2
TOP OF THE 5TH
Boston (APP) Red Sox batting - Pitching for Princeton Rays : LHP John Sceviour
Batting: RHB Luis Nino 0-0: Ball
1-0: Swinging Strike
1-1: Ball
2-1: Called Strike
2-2: Foul Ball, location: 2F
2-2: Foul Ball, location: 2F
2-2: Fly out, F8 (Flyball, 8RD, EV 84.4 MPH)
Batting: RHB Estevan Carrillo 0-0: Ball
1-0: Ball
2-0: Ball
3-0: SOLO HOME RUN (Flyball, 89XD, EV 109.4 MPH), Distance : 422 ft
Batting: RHB Joe Booth 0-0: Ball
1-0: Ball
2-0: Fly out, F9 (Flyball, 89S, EV 93.8 MPH)
Batting: RHB Kirk Cully 0-0: Ball
1-0: Foul Ball, location: 2F
1-1: Ball
2-1: Swinging Strike
2-2: Ball
3-2: Strikes out looking
Top of the 5th over - 1 run, 1 hit, 0 errors, 0 left on base; Boston (APP) 9 - Princeton 2
BOTTOM OF THE 5TH
Princeton Rays batting - Pitching for Boston (APP) Red Sox : RHP Seb Lightfoot
Batting: RHB Dave Valdez 0-0: Ball
1-0: Called Strike
1-1: Foul Ball, location: 2F
1-2: Ball
2-2: Strikes out looking
Batting: SHB Luis Verduzco 0-0: Ground out 4-3 (Groundball, 4, EV 91.2 MPH)
Batting: SHB Omar Cervantes 0-0: Ball
1-0: Ball
2-0: Foul Ball, location: 2F
2-1: Foul Ball, location: 2F
2-2: Foul Ball, location: 2F
2-2: Ball
3-2: Base on Balls
Batting: LHB Oscar Curiel 0-0: Ball
1-0: Ball
2-0: Called Strike
2-1: Ball
3-1: Base on Balls
Omar Cervantes to second
Pitching: RHP Danny Diaz
Batting: RHB Tim Dower 0-0: Called Strike
0-1: Foul Ball, location: 2F
0-2: Foul Ball, location: 2F
0-2: Ball
1-2: Ball
2-2: Strikes out swinging
Bottom of the 5th over - 0 runs, 0 hits, 0 errors, 2 left on base; Boston (APP) 9 - Princeton 2
TOP OF THE 6TH
Boston (APP) Red Sox batting - Pitching for Princeton Rays : LHP John Sceviour
Pitching: RHP Cortez Cruz
Batting: LHB Kien-lung Zou 0-0: Ball
1-0: Ball
2-0: SINGLE (Flyball, 34D, EV 89.4 MPH)
Batting: RHB Josh Smith 0-0: Called Strike
0-1: Ball
1-1: Foul Ball, location: 2F
1-2: Strikes out swinging
Batting: RHB Bakhtiar Asadov 0-0: Ball
Wild Pitch!
Kien-lung Zou to second
1-0: Foul Ball, location: 2F
1-1: Foul Ball, location: 2F
1-2: Strikes out swinging
Batting: RHB Felix Rangel 0-0: Ground out 4-3 (Groundball, 4M, EV 105.6 MPH)
Top of the 6th over - 0 runs, 1 hit, 0 errors, 1 left on base; Boston (APP) 9 - Princeton 2
BOTTOM OF THE 6TH
Princeton Rays batting - Pitching for Boston (APP) Red Sox : RHP Danny Diaz
Pinch Hitting: SHB Ray Luna 0-0: Ball
1-0: Ball
2-0: Ball
3-0: Called Strike
3-1: Base on Balls
Batting: RHB Mikey Sano 0-0: Ball
Ray Luna steals 2nd base
1-0: Ground out 3-1 (Groundball, 34, EV 105.0 MPH)
Ray Luna to third
Batting: RHB Bogumil Filipowski 0-0: Foul Ball, location: 2F
0-1: Ball
1-1: Ball
2-1: Called Strike
2-2: 2-RUN HOME RUN (Flyball, 7LD, EV 98.1 MPH), Distance : 373 ft
Batting: LHB Sean Boenig 0-0: Ball
1-0: Ball
2-0: Called Strike
2-1: Ball
3-1: SOLO HOME RUN (Flyball, 89XD, EV 102.5 MPH), Distance : 405 ft
Pitching: LHP Jessie Leslie
Batting: RHB Dave Valdez 0-0: Ball
1-0: Foul Ball, location: 2F
1-1: Fly out, F8 (Flyball, 8LS, EV 84.4 MPH)
Batting: SHB Luis Verduzco 0-0: Ball
1-0: Ball
2-0: Called Strike
2-1: Foul Ball, location: 2F
2-2: Foul Ball, location: 2F
2-2: Strikes out swinging
Bottom of the 6th over - 3 runs, 2 hits, 0 errors, 0 left on base; Boston (APP) 9 - Princeton 5
TOP OF THE 7TH
Boston (APP) Red Sox batting - Pitching for Princeton Rays : RHP Cortez Cruz
Now at SS: Dan Trainer
Batting: SHB Matsudaira Ikeda 0-0: Ball
1-0: SOLO HOME RUN (Flyball, 9LD, EV 98.8 MPH), Distance : 363 ft
Batting: RHB Luis Nino 0-0: Swinging Strike
0-1: Ball
1-1: Swinging Strike
1-2: Strikes out looking
Batting: RHB Estevan Carrillo 0-0: Called Strike
0-1: Called Strike
0-2: Strikes out swinging
Batting: RHB Joe Booth 0-0: Ball
1-0: Swinging Strike
1-1: Ball
2-1: Ball
3-1: Base on Balls
Pitching: RHP Michito Higashi
Batting: RHB Kirk Cully 0-0: Ball
Joe Booth is caught stealing 2nd base 2-4
Top of the 7th over - 1 run, 1 hit, 0 errors, 0 left on base; Boston (APP) 10 - Princeton 5
BOTTOM OF THE 7TH
Princeton Rays batting - Pitching for Boston (APP) Red Sox : LHP Jessie Leslie
Batting: SHB Omar Cervantes 0-0: Foul Ball, location: 2F
0-1: Ground out 4-3 (Groundball, 4, EV 81.9 MPH)
Batting: LHB Oscar Curiel 0-0: Foul Ball, location: 2F
0-1: Ball
1-1: Ground out 4-3 (Groundball, 4, EV 89.4 MPH)
Batting: RHB Tim Dower 0-0: Ball
1-0: Ground out 6-3 (Groundball, 56, EV 103.8 MPH)
Bottom of the 7th over - 0 runs, 0 hits, 0 errors, 0 left on base; Boston (APP) 10 - Princeton 5
TOP OF THE 8TH
Boston (APP) Red Sox batting - Pitching for Princeton Rays : RHP Michito Higashi
Batting: RHB Kirk Cully 0-0: Called Strike
0-1: Fly out, F6 (Line Drive, 56, EV 69.4 MPH)
Batting: LHB Kien-lung Zou 0-0: Called Strike
0-1: Ball
1-1: Ball
2-1: Swinging Strike
2-2: Strikes out swinging
Batting: RHB Josh Smith 0-0: Ball
1-0: Ball
2-0: Called Strike
2-1: Ball
3-1: Base on Balls
Batting: RHB Bakhtiar Asadov 0-0: Ball
1-0: Ball
2-0: Foul Ball, location: 2F
2-1: Foul Ball, location: 2F
2-2: Ball
3-2: Base on Balls
Josh Smith to second
Batting: RHB Felix Rangel 0-0: Ball
1-0: Reached on error, E4 (Groundball, 34D, EV 105.0 MPH)
Josh Smith to third
Bakhtiar Asadov to second
Batting: SHB Matsudaira Ikeda 0-0: Called Strike
0-1: Ball
1-1: Ground out 5-3 (Groundball, 56, EV 104.4 MPH)
Top of the 8th over - 0 runs, 0 hits, 1 error, 3 left on base; Boston (APP) 10 - Princeton 5
BOTTOM OF THE 8TH
Princeton Rays batting - Pitching for Boston (APP) Red Sox : LHP Jessie Leslie
Batting: SHB Dan Trainer 0-0: Called Strike
0-1: Called Strike
0-2: Foul Ball, location: 2F
0-2: Strikes out swinging
Batting: RHB Mikey Sano 0-0: Ball
1-0: Called Strike
1-1: Ground out 5-3 (Groundball, 5, EV 84.4 MPH)
Batting: RHB Bogumil Filipowski 0-0: Ball
1-0: Called Strike
1-1: Swinging Strike
1-2: Foul Ball, location: 2F
1-2: Strikes out swinging
Bottom of the 8th over - 0 runs, 0 hits, 0 errors, 0 left on base; Boston (APP) 10 - Princeton 5
TOP OF THE 9TH
Boston (APP) Red Sox batting - Pitching for Princeton Rays : RHP Michito Higashi
Pitching: RHP Matt Roberts
Pinch Hitting: LHB Mike Hutcheson 0-0: Called Strike
0-1: Ball
1-1: Ball
2-1: Ball
3-1: Swinging Strike
3-2: Foul Ball, location: 2F
3-2: DOUBLE (Line Drive, 89M, EV 100.6 MPH) - OUT at third base trying to stretch hit.
Batting: RHB Estevan Carrillo 0-0: Ball
1-0: Ball
2-0: Foul Ball, location: 2F
2-1: Ground out U3 (Groundball, 34, EV 102.5 MPH)
Batting: RHB Joe Booth 0-0: Fly out, F7 (Flyball, 78S, EV 80.0 MPH)
Top of the 9th over - 0 runs, 1 hit, 0 errors, 0 left on base; Boston (APP) 10 - Princeton 5
BOTTOM OF THE 9TH
Princeton Rays batting - Pitching for Boston (APP) Red Sox : LHP Jessie Leslie
Now at 2B: Stanislav Parusov
Pinch Hitting: RHB Bobby Ross 0-0: Ground out 6-3 (Groundball, 6, EV 96.9 MPH)
Batting: RHB Dave Valdez 0-0: Hit by Pitch
Pitching: RHP Jose Duran
Batting: SHB Luis Verduzco 0-0: Ball
1-0: Called Strike
1-1: Hit by Pitch
Dave Valdez to second
Batting: SHB Omar Cervantes 0-0: Ball
Wild Pitch!
Dave Valdez to third
Luis Verduzco to second
1-0: Ball
2-0: Ball
3-0: Called Strike
3-1: Foul Ball, location: 2F
3-2: Base on Balls
Batting: LHB Oscar Curiel 0-0: Called Strike
0-1: Ball
1-1: Swinging Strike
1-2: Ball
2-2: Ball
3-2: Base on Balls
Dave Valdez scores
Luis Verduzco to third
Omar Cervantes to second
Pitching: RHP Cedric Tyler
Pinch Hitting: LHB Dave Northam 0-0: Called Strike
0-1: Ball
1-1: Called Strike
1-2: Ball
2-2: Foul Ball, location: 2F
2-2: Foul Ball, location: 2F
2-2: Foul Ball, location: 2F
2-2: Foul Ball, location: 2F
2-2: Ball
3-2: Base on Balls
Luis Verduzco scores
Omar Cervantes to third
Oscar Curiel to second
Batting: SHB Dan Trainer 0-0: Ball
1-0: Called Strike
1-1: Called Strike
1-2: Strikes out swinging
Pinch Hitting: SHB Berthold Frey 0-0: Ball
1-0: Ball
2-0: SINGLE (Groundball, 34D, EV 95.0 MPH)
Omar Cervantes scores
Oscar Curiel to third
Dave Northam to second
Batting: RHB Bogumil Filipowski 0-0: Fly out, F7 (Line Drive, 78S, EV 101.9 MPH)
Bottom of the 9th over - 3 runs, 1 hit, 0 errors, 3 left on base; Boston (APP) 10 - Princeton 8
Tuesday, March 28th , 2023 - OOTP Baseball 23.10 Build 110